 Seeded DCSS version 0.30.1-11-g7821555f0a (webtiles) character file.

Game seed: 430007637681659361 (custom seed)

717 strifetoe the Covered (level 7, -1/52 HPs)
             Began as a Demonspawn Fighter on Nov 9, 2023.
             Was a Priest of Cheibriados.
             Slain by a gnoll bouda
             ... wielding a +0 whip
              (2 damage)
             ... on level 5 of the Dungeon.
             The game lasted 00:05:08 (2380 turns).

strifetoe the Covered (Demonspawn Fighter)          Turns: 2380, Time: 00:05:08

Health: -1/52      AC:  9    Str: 29    XL:     7   Next: 42%
Magic:  0/7        EV: 10    Int: 18    God:    Cheibriados [***...]
Gold:   165        SH: 11    Dex: 34    Spells: 6/6 levels left

rFire   + . .        g - +3 war axe
rCold   . . .        c - +0 buckler
rNeg    . . .        b - +0 scale mail
rPois   +            o - -1 helmet of the Eight Boll Weevils {rPois rF+ Dex+8 Stlth-}
rElec   +            (no cloak)
rCorr   .            p - +0 pair of gloves
SInv    .            (no boots)
Will    +....        q - amulet "Qipiacso" {Acrobat rElec} Stlth
                     r - ring of Dishonour {rElec Will+ Str+3 Dex+6}
HPRegen 0.28/turn    (no ring)
MPRegen 0.20/turn

%: acrobat, guardian spirit
@: studying Armour, very slow
A: magic shield, magic regeneration, condensation shield
a: Renounce Religion, Bend Time, Temporal Distortion


You were on level 5 of the Dungeon.
You worshipped Cheibriados.
Cheibriados was most pleased with you.
You visited 1 branch of the dungeon, and saw 5 of its levels.

You collected 165 gold pieces.

Inventory:

Hand Weapons
 a - a +0 war axe
 g - a +3 war axe (weapon)
 n - a +0 hand axe of electrocution
Armour
 b - a +0 scale mail (worn)
 c - a +0 buckler (worn)
 o - the -1 helmet of the Eight Boll Weevils (worn) {rPois rF+ Dex+8 Stlth-}
   (You acquired it on level 2 of the Dungeon)

   Dex:       It affects your dexterity (+8).
   rF:        It protects you from fire.
   rPois:     It protects you from poison.
   Stlth:     It makes you less stealthy.
 p - a +0 pair of gloves (worn)
Jewellery
 k - a ring of flight
 q - the amulet "Qipiacso" (around neck) {Acrobat rElec}
   (You acquired it on level 2 of the Dungeon)

   [amulet of the acrobat]

   It increases your evasion while moving and waiting.
   rElec:     It insulates you from electricity.
 r - the ring of Dishonour (left hand) {rElec Will+ Str+3 Dex+6}
   (You acquired it on level 2 of the Dungeon)

   [ring of dexterity]

   Str:       It affects your strength (+3).
   Dex:       It affects your dexterity (+6).
   rElec:     It insulates you from electricity.
   Will:      It increases your willpower.
Wands
 d - a wand of flame (20)
Scrolls
 e - 2 scrolls of noise {unknown}
 f - a scroll of vulnerability {unknown}
 i - 2 scrolls of identify {unknown}
 j - a scroll of brand weapon {unknown}
 m - a scroll of fear {unknown}
 t - a scroll of amnesia {unknown}
 u - a scroll of blinking {unknown}
 v - a scroll of teleportation {unknown}
 w - a scroll of torment {unknown}
 x - a scroll of poison {unknown}
Potions
 h - 4 potions of curing {unknown}
 l - a potion of cancellation {unknown}
 s - a potion of attraction {unknown}


   Skills:
 - Level 3.0 Fighting
 + Level 6.2 Axes
 + Level 7.0 Armour
 - Level 2.6 Shields


You had 6 spell levels left.
You didn't know any spells.
Your spell library contained the following spells:

 Spells                   Type           Power      Damage    Failure   Level
 Sandblast                Erth           0%         2d4       45%         1
 Passwall                 Tmut/Erth      0%         N/A       58%         2
 Poisonous Vapours        Pois/Air       0%         N/A       58%         2
 Mephitic Cloud           Conj/Pois/Air  0%         N/A       83%         3
 Stone Arrow              Conj/Erth      0%         3d7       83%         3
 Freezing Cloud           Conj/Ice/Air   0%         6-21      100%        5


Dungeon Overview and Level Annotations

Branches:
Dungeon (5/15)             Temple (0/1) D:4

Altars:
Cheibriados
Kikubaaqudgha
Nemelex Xobeh
Trog
Wu Jian
Yredelemnul


Innate Abilities, Weirdness & Mutations

When hurt, damage is shared between your health and your magic reserves.
You regenerate magic rapidly.
A meltable shield of frost defends you. (SH +4)


Message History

Cheibriados appreciates the change of pace.
You hit the gnoll bouda but do no damage.
You hit the gnoll but do no damage. The gnoll barely misses you.
The gnoll hits you from afar with a +2 vampiric halberd!
* * * LOW HITPOINT WARNING * * *
You block the shadow's attack. You block the gnoll's attack.
The gnoll bouda hits you but does no damage.
The gnoll hits you but does no damage.
You are too injured to fight recklessly!
You slash the shadow!
You destroy the shadow!
Cheibriados thoroughly appreciates the change of pace.
You hit the gnoll.
You kill the gnoll!
Cheibriados thoroughly appreciates the change of pace.
You hit the gnoll bouda. You hit the gnoll.
You kill the gnoll!
Cheibriados thoroughly appreciates the change of pace.
The gnoll hits you from afar with a +2 vampiric halberd.
* * * LOW HITPOINT WARNING * * *
The gnoll hits you from afar with a +0 halberd.
* * * LOW HITPOINT WARNING * * *
The gnoll bouda barely misses you. You block the gnoll's attack.
Your Axes skill increases to level 6!
Your Armour skill increases to level 7!
You are too injured to fight recklessly!
The gnoll completely misses you. The gnoll bouda completely misses you.
The gnoll hits you with a +2 vampiric halberd.
* * * LOW HITPOINT WARNING * * *
You block the gnoll's attack.
Unknown command.
You hit the gnoll.
The gnoll is moderately wounded.
You slash the gnoll! You hit the gnoll bouda.
The gnoll is no longer moving quickly.
The gnoll bouda barks out a call to the hunt!
The gnoll picks up the pace!
You block the gnoll's attack. The gnoll hits you with a +0 halberd.
* * * LOW HITPOINT WARNING * * *
The gnoll bouda hits you with a +0 whip.
You die...

##.................####..
##...................#
###.......>.......>....#
#......................##
........................#
.............!..........#
................)<......#
..............).g.......#
...............)@........
...............g.g.......#
........(................#
..........................
?.......................
.................
................
...............


You could see a gnoll bouda and 2 gnolls.

Vanquished Creatures
  A shadow (D:5)
  A steam dragon (D:5)
  A sky beast (D:5)
  A howler monkey (D:5)
  An orc priest (D:3)
  A hound (D:3)
  Terence (D:2)
  An iguana (D:4)
  6 gnolls
  3 adders
  A white imp (D:5)
  An ufetubus (D:5)
  A worm (D:3)
  4 dart slugs
  12 orcs
  4 endoplasms
  6 giant cockroaches
  5 goblins
  10 hobgoblins
  4 jackals (D:3)
  4 quokkas
  9 ball pythons
  10 bats
  A frilled lizard (D:1)
  2 kobolds
  5 rats
96 creatures vanquished.

Notes
Turn   | Place    | Note
-------+----------+-------------------------------------------
     0 | D:1      | strifetoe the Demonspawn Fighter began the quest for the
                  | Orb.
     0 | D:1      | Reached XP level 1. HP: 18/18 MP: 1/1
   184 | D:1      | Gained mutation: You regenerate magic rapidly. [demonic
                  | ancestry]
   184 | D:1      | Reached XP level 2. HP: 14/24 MP: 2/2
   615 | D:1      | Gained mutation: When hurt, damage is shared between your
                  | health and your magic reserves. [demonic ancestry]
   615 | D:1      | Reached XP level 3. HP: 29/29 MP: 3/3
   842 | D:2      | Noticed Terence
   850 | D:2      | HP: 1/29 [Terence/puff of flame (7)]
   863 | D:2      | Killed Terence
   865 | D:2      | Reached XP level 4. HP: 22/35 MP: 4/4
   927 | D:2      | Found a faded altar of an unknown god.
   934 | D:2      | Prayed at the altar of an unknown god.
   934 | D:2      | Became a worshipper of Cheibriados the Contemplative
   934 | D:2      | Reached * piety under Cheibriados
  1005 | D:2      | Identified 4 scrolls of acquirement
  1005 | D:2      | Acquired a manual of Armour
  1006 | D:2      | Acquired the -1 helmet of the Eight Boll Weevils {rPois rF+
                  | Dex+8 Stlth-}
  1007 | D:2      | Acquired the amulet "Qipiacso" {Acrobat rElec}
  1008 | D:2      | Acquired the ring of Dishonour {rElec Will+ Str+3 Dex+6}
  1130 | D:2      | Found an ancient bone altar of Kikubaaqudgha.
  1356 | D:3      | Found a bloodstained altar of Trog.
  1356 | D:3      | Found an ornate altar of the Wu Jian Council.
  1374 | D:3      | Reached ** piety under Cheibriados
  1447 | D:3      | Reached skill level 3 in Armour
  1629 | D:3      | Reached XP level 5. HP: 41/41 MP: 5/5
  1656 | D:3      | Reached skill level 4 in Armour
  1771 | D:3      | Found a sparkling altar of Nemelex Xobeh.
  1791 | D:3      | Found a basalt altar of Yredelemnul.
  1895 | D:3      | Reached *** piety under Cheibriados
  1957 | D:4      | Found a staircase to the Ecumenical Temple.
  2066 | D:4      | Reached skill level 5 in Axes
  2084 | D:4      | Reached XP level 6. HP: 47/47 MP: 6/6
  2171 | D:4      | You fall into a shaft and drop 1 floor!
  2171 | D:5      | Entered Level 5 of the Dungeon
  2174 | D:5      | Noticed a steam dragon
  2182 | D:5      | Killed a steam dragon
  2183 | D:5      | Reached skill level 5 in Armour
  2256 | D:5      | Noticed a sky beast
  2264 | D:5      | Killed a sky beast
  2265 | D:5      | Reached skill level 6 in Armour
  2368 | D:5      | Noticed a shadow
  2373 | D:5      | Gained mutation: A meltable shield of frost defends you.
                  | (SH +4) [demonic ancestry]
  2373 | D:5      | Reached XP level 7. HP: 50/52 MP: 7/7
  2378 | D:5      | Killed a shadow
  2379 | D:5      | Reached skill level 7 in Armour
  2380 | D:5      | HP: 1/52 [gnoll/+0 halberd[a gnoll bouda] (4)]
  2380 | D:5      | Slain by a gnoll bouda

Illustrated notes

Levels and vault maps discovered:
D:1:      wander_arrival_chamber, layout_basic, kennysheep_boxes
D:2:      layout_rooms, dilly_ecumenical_altar_fadedgnrine, basic_altar,
          uniq_terence
D:3:      layout_basic, mainiacjoe_overflow_swirl, jmf_multi_god_temple,
          minmay_puff
D:4:      layout_loops_corners, minmay_temple_entry_junction_2,
          minmay_joined_circles, uniq_robin, uniq_duvessa
D:5:      layout_layer_cave, uniq_crazy_yiuf_cottage

Skill      XL: |  1  2  3  4  5  6  7 |
---------------+----------------------+-----
Axes           | 2 3 4 5 6 |  6.2
Armour         | 3 4 6 7 |  7.0
Fighting       | |  3.0
Shields        | |  2.6

Action                     |  1- 3 |  4- 6 |  7- 9 || total
---------------------------+-------+-------+-------++-------
  Melee: War axe           |    84 |   118 |     7 ||   209
    Use: Potion            |     2 |       |       ||     2
         Scroll            |       |     4 |       ||     4
 Armour: Scale mail        |    49 |    24 |     3 ||    76
  Dodge: Dodged            |    46 |    73 |    13 ||   132
  Block: Buckler           |    20 |    45 |    15 ||    80
